 Dungeon Crawl Stone Soup version 0.27.0-1-g7a089689b8 (webtiles) character file.

Game seed: 9902919140727293504

330 freelancePsychic the Covert (level 6, -3/36 (45) HPs)
             Began as a Kobold Delver on Aug 3, 2021.
             Was a Follower of Okawaru.
             Slain by a wight (4 damage)
             ... in the Ecumenical Temple.
             The game lasted 00:07:23 (1924 turns).

freelancePsychic the Covert (Kobold Delver)         Turns: 1924, Time: 00:07:23

HP:   -3/36 (45)    AC:  4    Str: 11    XL:     6   Next: 81%
MP:   6/6           EV: 15    Int: 12    God:    Okawaru [*.....]
Gold: 45            SH:  0    Dex: 22    Spells: 5/5 levels left

rFire    . . .     SeeInvis .   a - +0 short sword
rCold    . . .     Faith    .   (shield restricted)
rNeg     . . .     Spirit   .   b - +0 leather armour
rPois    .         Reflect  .   (no helmet)
rElec    .         Harm     .   (no cloak)
rCorr    .         Rampage  .   m - +0 pair of gloves
Will     .....                  (no boots)
Stlth    ++++++....             (no amulet)
HPRegen  0.12/turn              d - +6 ring of dexterity
MPRegen  0.10/turn              (no ring)

@: heavily drained
A: small, no large weapons, nightstalker 3
a: Renounce Religion, Heroism


You were in the Ecumenical Temple.
You worshipped Okawaru.
Okawaru was aware of your devotion.
You visited 2 branches of the dungeon, and saw 6 of its levels.

You collected 45 gold pieces.

Inventory:

Hand Weapons
 a - a +0 short sword (weapon)
Missiles
 n - 21 bolts
Armour
 b - a +0 leather armour (worn)
 h - a +0 ring mail
 m - a +0 pair of gloves (worn)
Jewellery
 d - a +6 ring of dexterity (left hand)
Wands
 g - a wand of digging (3)
Scrolls
 c - 3 scrolls of fog
 e - a scroll of enchant armour {unknown}
 i - a scroll of identify {@r1}
 l - a scroll of amnesia {unknown}
 o - 2 scrolls of teleportation {unknown}
Potions
 j - a potion of degeneration {unknown}
 k - a potion of curing {unknown}


   Skills:
 + Level 8.5 Fighting
 + Level 9.7 Short Blades
 - Level 2.6 Dodging
 + Level 11.8 Stealth


You had 5 spell levels left.
You didn't know any spells.
Your spell library was empty.

Dungeon Overview and Level Annotations

Branches:
Dungeon (5/15)             Temple (1/1) D:4

Altars:
Okawaru
Xom

Shops:
D:4 :


Innate Abilities, Weirdness & Mutations

You are small and have problems with some larger weapons.
You are completely attuned to the shadows.


Message History

You feel drained. The wight freezes you.
You climb downwards.
Welcome back to the Ecumenical Temple!
There is a staircase back to the Dungeon here.
You hit the wight.
The wight is lightly damaged.
The wight barely misses you.
You barely miss the wight.
The wight is lightly damaged.
You hit the wight.
The wight is moderately damaged.
The wight hits you with a +3 short sword of freezing!
You feel drained. The wight freezes you.
You barely miss the wight.
The wight is moderately damaged.
You hit the wight but do no damage.
The wight is moderately damaged.
The wight barely misses you.
You hit the wight but do no damage.
The wight is moderately damaged.
The wight misses you.
You hit the wight but do no damage.
The wight is moderately damaged.
You hit the wight but do no damage.
The wight is moderately damaged.
The wight hits you but does no damage.
You hit the wight.
The wight is moderately damaged.
You hit the wight but do no damage.
The wight is moderately damaged.
The wight hits you with a +3 short sword of freezing!
The wight freezes you.
* * * LOW HITPOINT WARNING * * *
You hit the wight but do no damage.
The wight is moderately damaged.
The wight hits you with a +3 short sword of freezing!
* * * LOW HITPOINT WARNING * * *
You feel drained.
* * * LOW HITPOINT WARNING * * *
The wight freezes you.
You die...

≈≈.....≈≈
≈≈.....≈≈
≈......≈≈
.....z.≈≈
....@..≈≈
.......≈≈
≈......≈≈
≈≈.....≈≈
≈≈.....≈≈


You could see a wight.

Vanquished Creatures
  A black bear (D:4)
  An ogre (D:4)
  A wight (D:4)
  An adder (D:2)
  A dart slug (D:3)
  7 orcs
  6 ball pythons
  2 bats
  3 endoplasms
  4 goblins
  A hobgoblin (D:1)
  3 jackals (D:4)
  5 kobolds
  A quokka (D:2)
  A frilled lizard (D:1)
  3 rats
41 creatures vanquished.

Notes
Turn   | Place    | Note
-------+----------+-------------------------------------------
     0 | D:5      | freelancePsychic the Kobold Delver began the quest for the
                  | Orb.
     0 | D:5      | Reached XP level 1. HP: 14/14 MP: 1/1
    28 | D:5      | Found a stormy altar of Qazlal.
    28 | D:5      | Found a glowing golden altar of the Shining One.
    28 | D:5      | Found a shimmering altar of Xom.
    33 | D:5      | Found a broken altar of Ashenzari.
    33 | D:5      | Found a hazy altar of Hepliaklqana.
    33 | D:5      | Found a bloodstained altar of Trog.
   131 | D:4      | Reached XP level 2. HP: 16/19 MP: 2/2
   185 | D:4      | Noticed a wight
   193 | D:4      | Noticed an ogre
   725 | D:1      | You fall into a shaft and drop 1 floor!
   749 | D:2      | Reached XP level 3. HP: 23/23 MP: 3/3
   761 | D:2      | Found an iron altar of Okawaru.
   767 | D:2      | Became a worshipper of Warmaster Okawaru
   795 | D:2      | Reached skill level 7 in Stealth
  1232 | D:3      | Reached XP level 4. HP: 29/29 MP: 4/4
  1268 | D:4      | Noticed a black bear
  1342 | D:3      | Reached skill level 11 in Stealth
  1342 | D:3      | Reached XP level 5. HP: 39/39 MP: 5/5
  1457 | D:4      | Killed an ogre
  1458 | D:4      | Reached XP level 6. HP: 45/45 MP: 6/6
  1471 | D:4      | Found Neceofiu's Book Shop.
  1493 | D:4      | Killed a black bear
  1493 | D:4      | Reached * piety under Okawaru
  1838 | D:4      | Found a staircase to the Ecumenical Temple.
  1847 | Temple   | Entered the Ecumenical Temple
  1924 | Temple   | HP: 1/36 [wight (2)]
  1924 | Temple   | Slain by a wight

Illustrated notes

Levels and vault maps discovered:
D:1:      giann_horns, layout_basic, serial_shops, nicolae_shop_trees,
          hellmonk_ecumenical_altar_zigzags
D:2:      layout_loops_ring, basic_altar
D:3:      layout_basic, uniq_grinder
D:4:      layout_cave_pools, minmay_temple_entry_stoned_glass, serial_shops,
          nicolae_lakefront_shop
D:5:      layout_loops_corners, doesnt_xom_only_xom, nicolae_gozag_seed_capital,
          kennysheep_generic_room_11
Temple:   minmay_temple_bridge_abc

Skill      XL: |  1  2  3  4 |
---------------+-------------+-----
Short Blades   | 3 9 |  9.7
Stealth        | 7 11 | 11.8
Fighting       | 8 |  8.5
Dodging        | |  2.6

Action                   |  1- 3 |  4- 6 || total
-------------------------+-------+-------++-------
Melee: Short sword       |   111 |    60 ||   171
  Use: Scroll            |     4 |       ||     4
       Potion            |       |     2 ||     2
 Stab: Sleeping          |    13 |     5 ||    18
Armor: Leather armour    |     9 |    11 ||    20
Dodge: Dodged            |    87 |    39 ||   126
